 Dungeon Crawl Stone Soup version 0.22-a0-482-g76e0a5f (webtiles) character file.

79 Tallim the Poker (level 4, -1/33 HPs)
             Began as a Merfolk Skald on June 17, 2018.
             Was an Initiate of Trog.
             Slain by a gnoll
             ... wielding a +0 spear
              (3 damage)
             ... on level 3 of the Dungeon.
             The game lasted 00:07:37 (2171 turns).

Tallim the Poker (Merfolk Skald)                    Turns: 2171, Time: 00:07:38

Health: -1/33      AC:  3    Str: 12    XL:     4   Next: 37%
Magic:  7/7        EV: 12    Int: 12    God:    Trog [......]
Gold:   99         SH:  0    Dex: 13    Spells: 3/7 levels left

rFire    . . .     SeeInvis .   o - +0 trident
rCold    . . .     Gourm    .   (no shield)
rNeg     . . .     Faith    .   b - +0 leather armour
rPois    .         Spirit   .   (no helmet)
rElec    .         Reflect  .   (no cloak)
rCorr    .         Harm     .   (no gloves)
MR       .....                  (no boots)
Stlth    +.........             (no amulet)
HPRegen  0.11/turn              (no ring)
MPRegen  0.10/turn              (no ring)

@: no status effects
A: change form in water, swift swim, stealthy swim
a: Renounce Religion


You were on level 3 of the Dungeon.
You worshipped Trog.
Trog was noncommittal.
You were not hungry.

You visited 1 branch of the dungeon, and saw 3 of its levels.

You collected 99 gold pieces.

Inventory:

Hand Weapons
 a - a +0 spear
 o - a +0 trident (weapon)
Missiles
 j - 3 javelins (quivered)
Armour
 b - a +0 leather armour (worn)
Scrolls
 c - a scroll of amnesia {unknown}
 f - a scroll of remove curse {unknown}
 i - a scroll of magic mapping {unknown}
 k - a scroll of identify
 l - a scroll of teleportation {unknown}
 m - a scroll of immolation {unknown}
Potions
 e - a potion of magic {unknown}
 g - 5 potions of curing {unknown}
 h - a potion of berserk rage {unknown}
Comestibles
 d - 2 rations


   Skills:
 - Level 2.1 Fighting
 + Level 6.5 Polearms
 - Level 0.6 Armour
 - Level 2.6 Dodging
 - Level 2.0 Spellcasting
 - Level 3.2 Charms


You had 3 spell levels left.
You knew the following spells:

 Your Spells              Type           Power        Failure   Level  Hunger
a - Infusion              Chrm           #...         9%          1    ##.....
b - Regeneration          Chrm/Necr      #.........   47%         3    ####...

Your spell library contained the following spells:

 Spells                   Type           Power        Failure   Level  Hunger
 Shroud of Golubria       Chrm/Tloc      #.........   26%         2    ###....
 Song of Slaying          Chrm           #.......     14%         2    ###....
 Spectral Weapon          Hex/Chrm       #.......     47%         3    ####...


Dungeon Overview and Level Annotations

Branches:
Dungeon (3/15)

Altars:
Gozag
Okawaru
Trog


Message History

* * * LOW HITPOINT WARNING * * *
The jackal barely misses you.
Cast which spell? (? or * to list) Casting this spell will place you under penance.
Really cast?
Okay, then.
You hit the jackal.
You kill the jackal!
Trog accepts your kill. The gnoll hits you but does no damage.
The jackal barely misses you.
You barely miss the jackal.
The jackal bites you but does no damage.
The gnoll hits you from afar with a spear.
* * * LOW HITPOINT WARNING * * *
You closely miss the jackal. The jackal misses you.
The gnoll hits you but does no damage. The jackal closely misses you.
All of the chunks of flesh in your inventory have rotted away.
You hit the jackal.
The jackal is heavily wounded.
The gnoll hits you from afar with a spear.
You die...

####...................
..........#############
####.#....# # #.##>.##
# #.....# # ###.### #
#.# # #)# # .#.## #@# #
......####h###### #
#...g.g).gg...... #
.......%...######. #
.####.###### #. #


You could see 2 gnolls and a jackal.

Vanquished Creatures
  A gnoll (D:3)
  2 adders (D:2)
  A dart slug (D:1)
  3 leopard geckos
  2 giant cockroaches (D:1)
  2 goblins
  5 hobgoblins
  3 jackals (D:3)
  5 kobolds
  A quokka (D:2)
  A ball python (D:1)
  8 bats
  2 frilled lizards (D:1)
  8 rats
44 creatures vanquished.

Notes
Turn   | Place    | Note
-------+----------+-------------------------------------------
     0 | D:1      | Tallim the Merfolk Skald began the quest for the Orb.
     0 | D:1      | Reached XP level 1. HP: 16/16 MP: 3/3
   197 | D:1      | Reached skill level 4 in Polearms
   197 | D:1      | Reached XP level 2. HP: 22/22 MP: 5/5
   710 | D:1      | Reached skill level 5 in Polearms
   710 | D:1      | Reached XP level 3. HP: 24/27 MP: 6/6
   767 | D:1      | Learned a level 3 spell: Regeneration
   915 | D:2      | Found an opulent altar of Gozag.
  1333 | D:2      | Reached skill level 6 in Polearms
  1667 | D:2      | Found a bloodstained altar of Trog.
  1672 | D:2      | Became a worshipper of Trog the Wrathful
  1808 | D:2      | Reached XP level 4. HP: 29/33 MP: 7/7
  1936 | D:2      | Found an iron altar of Okawaru.
  2171 | D:3      | Slain by a gnoll

Vault maps used:
D:1:      minmay_arrival_shoal_huts, minmay_domino_2
D:2:      lightli_temple_of_fire, okawaru_metal_pillars_1_2,
          overflow_temple_1_default
D:3:      old_standard_altar, first_ration, uniq_crazy_yiuf_cottage

Skill      XL: |  1  2  3 |
---------------+----------+-----
Polearms       | 4 5 6 |  6.5
Fighting       | |  2.1
Armour         | |  0.6
Dodging        | |  2.6
Spellcasting   | |  2.0
Charms         | |  3.2

Action                   |  1- 3 |  4- 6 || total
-------------------------+-------+-------++-------
Melee: Spear             |   160 |     3 ||   163
       Tailslap          |     2 |       ||     2
       Trident           |       |    31 ||    31
  Use: Scroll            |       |     1 ||     1
  Eat: Chunk             |     2 |     2 ||     4
Armor: Leather armour    |    45 |    14 ||    59
Dodge: Dodged            |   108 |    35 ||   143

Table legend:
 A = Spawn XP
 B = Non-spawn XP
 C = Spawn XP percentage of total XP
 D = Spawn monster count
 E = Non-spawn monster count
 F = Spawn count percentage of total count
 G = Total turns spent on level
                    A         B        C        D         E        F      G
               +---------+---------+-------+---------+---------+-------+---------
         Total |       0 |     113 |   0.0 |       0 |      44 |   0.0 |  2171
               +---------+---------+-------+---------+---------+-------+---------
           D:1 |       0 |      38 |   0.0 |       0 |      24 |   0.0 |   871
           D:2 |       0 |      49 |   0.0 |       0 |      14 |   0.0 |  1193
           D:3 |       0 |      26 |   0.0 |       0 |       6 |   0.0 |   107
               +---------+---------+-------+---------+---------+-------+---------
